 Dungeon Crawl Stone Soup version 0.19-a0-1008-g4c63d25 (webtiles) character file.

29466 poirepourri the Carver (level 13, -7/107 HPs)
             Began as a Formicid Fighter on July 23, 2016.
             Was a High Priest of Makhleb.
             Killed by divine providence
             ... invoked by a meliai
              (12 damage)
             ... on level 14 of the Dungeon.
             The game lasted 00:24:53 (14162 turns).

poirepourri the Carver (Formicid Fighter)          Turns: 14162, Time: 00:24:54

Health: -7/107     AC: 10    Str: 30    XL:     13   Next: 81%
Magic:  13/13      EV: 13    Int: 10    God:    Makhleb [*****.]
Gold:   621        SH: 14    Dex: 10    Spells: 0 memorised, 12 levels left

rFire  . . .     SeeInvis +     a - +3 long sword
rCold  . . .     Gourm    .     E - +1 scale mail
rNeg   . . .     Faith    .     c - +1 shield
rPois  .         Spirit   .     (helmet unavailable)
rElec  .         Dismiss  .     (no cloak)
rCorr  .         Reflect  .     l - +0 pair of gloves
SustAt .         Harm     .     (no boots)
MR     ++...                    (no amulet)
Stlth  ..........               z - +4 ring of strength
                                D - ring of flight

@: very resistant to hostile enchantments, extremely unstealthy
A: permanent stasis, dig shafts and tunnels, four strong arms, antennae 3,
clever 1, magic resistance 1, evolution 1
a: Dig, Shaft Self, Minor Destruction, Lesser Servant of Makhleb, Major
Destruction, Greater Servant of Makhleb, Renounce Religion, Evoke Flight


You were on level 14 of the Dungeon.
You worshipped Makhleb.
Makhleb was extremely pleased with you.
You were not hungry.

You visited 1 branch of the dungeon, and saw 13 of its levels.
You also visited: Ossuary.

You collected 621 gold pieces.

Inventory:

Hand Weapons
 a - a +3 long sword (weapon)
 b - the +8 hand crossbow "Suupaimn" {penet, -Tele rC+++ Dex+8}
   (You found it on level 10 of the Dungeon)

   Ammo fired by it will pass through the targets it hits, potentially hitting
   all targets in its path until it reaches maximum range.
   It affects your dexterity (+8).
   It renders you almost immune to cold.
   It prevents most forms of teleportation.
 L - a +1 long sword of electrocution
Missiles
 j - 6 javelins (quivered)
 q - 30 bolts
Armour
 c - a +1 shield (worn)
 l - a +0 pair of gloves (worn)
 E - a +1 scale mail (worn)
Jewellery
 i - an uncursed ring of stealth
 m - an uncursed amulet of magic regeneration
 s - an uncursed amulet of faith
 v - an uncursed ring of positive energy {unknown}
 z - a +4 ring of strength (right hand)
 D - a ring of flight (left hand)
Wands
 k - a wand of flame (45/48)
 r - a wand of iceblast (3/15)
 C - a wand of confusion (17/48)
 F - a wand of slowing (36/48)
 G - a wand of paralysis (15/24)
 I - a wand of teleportation (4/9)
Scrolls
 d - a scroll of amnesia
 f - 3 scrolls of fog
 g - 4 scrolls of remove curse
 w - a scroll of torment {unknown}
 H - 6 scrolls of identify
Potions
 e - 2 potions of cancellation
 n - a potion of agility
 t - 2 potions of magic {unknown}
 u - 2 potions of brilliance
 x - a potion of mutation
 J - a potion of curing
 M - a potion of flight {unknown}
Books
 y - a book of the Sky

   Spells                             Type                      Level
   a - Summon Lightning Spire         Summoning/Air                4
   b - Airstrike                      Air                          4
   c - Silence                        Hexes/Air                    5
   d - Deflect Missiles               Charms/Air                   6
   e - Conjure Ball Lightning         Conjuration/Air              6
   f - Tornado                        Air                          9
 A - a book of Air

   Spells                             Type                      Level
   a - Shock                          Conjuration/Air              1
   b - Swiftness                      Charms/Air                   2
   c - Repel Missiles                 Charms/Air                   2
   d - Static Discharge               Conjuration/Air              3
   e - Lightning Bolt                 Conjuration/Air              5
 K - a book of Minor Magic

   Spells                             Type                      Level
   a - Magic Dart                     Conjuration                  1
   b - Blink                          Translocation                2
   c - Call Imp                       Summoning                    2
   d - Repel Missiles                 Charms/Air                   2
   e - Slow                           Hexes                        2
   f - Conjure Flame                  Conjuration/Fire             3
   g - Mephitic Cloud                 Conjuration/Poison/Air       3
Comestibles
 h - 6 fruits
 o - 6 meat rations
 p - 4 bread rations
 B - a slice of pizza


   Skills:
 + Level 11.6 Fighting
 + Level 11.7 Long Blades
 + Level 10.1 Crossbows
 - Level 1.6 Throwing
 + Level 8.4 Armour
 + Level 6.4 Dodging
 - Level 1.1 Stealth
 + Level 10.2 Shields
 + Level 0.8 Invocations
 - Level 0.7 Evocations


You had 12 spell levels left.
You didn't know any spells.

Dungeon Overview and Level Annotations

Branches:
Dungeon (15/15)            Temple (0/1) D:6            Lair (0/6) D:8
 Depths (0/5) D:15
    Orc: D:9-12      Vaults: D:13-14

Altars:
Ashenzari
Cheibriados
Dithmenos
Elyvilon
Gozag
Kikubaaqudgha
Makhleb
Okawaru
Sif Muna
Vehumet
Xom

Portals:
Trove: D:15 (give 3 potions of resistance)


Innate Abilities, Weirdness & Mutations

You are under a permanent stasis effect.
You can dig through walls and to a lower floor.
Your four strong arms can wield two-handed weapons with a shield.
You have a pair of large antennae on your head. (SInv)
Your mind is acute. (Int +2)
You are resistant to hostile enchantments. (MR+)
You evolve.


Message History

The meliai hits you with a hand axe!
* * * LOW HITPOINT WARNING * * *
The meliai stings you.
* * * LOW HITPOINT WARNING * * *
You are more poisoned.
The meliai poisons you!
* * * LOW HITPOINT WARNING * * *
You feel very sick.
The meliai calls upon its god to heal the meliai.
The meliai's wounds heal themselves!
The meliai hits you but does no damage. The meliai barely misses you.
You feel better.
The meliai invokes the aid of its god against you.
Something smites you!
* * * LOW HITPOINT WARNING * * *
The meliai calls upon its god to heal the meliai.
The meliai is healed somewhat.
The meliai calls down the wrath of its god upon you.
Something smites you!
You die...

####### #################
....... .......>. .......
....... #.......# #.....
....... #.......# #.....
....... #.......####.....
....... #...##...........
......y##...##.##########
......yy@...##.'.........
.....#####..##.#.........
### #....)#.........
#.....#.........
#.#...#.........
#.#...+....#####
#.#...###### ###.... {{
#....#


You could see 3 meliai.

Vanquished Creatures
  An ogre mage (D:15)
  Erolcha (D:9)
  3 centaur warriors (D:15)
  A vault guard (D:15)
  A tengu warrior (D:15)
  5 skeletal warriors (D:15)
  3 unseen horrors (D:15)
  The ghost of p0werm0de the Fighter, a novice DsFi (D:6)
  A wizard (D:14)
  3 deep elf magi (D:15)
  4 hill giants
  A wolf spider zombie (D:14)
  A griffon (D:15)
  2 centaur zombies (D:15)
  2 naga magi (D:15)
  A yaktaur (D:15)
  6 kobold demonologists (D:15)
  2 tengu conjurers (D:15)
  3 trolls
  Grinder (D:3)
  Sigmund (D:4)
  The ghost of poirepourri the Magician, an amateur DEFE (D:5)
  A vampire (D:15)
  A wraith (Ossuary)
  15 yaks
  A human (D:9)
  The ghost of mrath the Cudgeler, an amateur MiFi (Ossuary)
  A basilisk (D:14)
  3 hippogriffs
  A hungry ghost (D:9)
  Grum (D:8)
  Menkaure (D:4)
  2 vampire mosquitoes (D:15)
  A water moccasin (D:15)
  3 orc warriors
  2 sky beasts
  A black bear (D:9)
  2 phantoms
  6 ogres
  2 wolves (D:8)
  14 centaurs
  8 big kobolds
  9 giant frogs
  A wyvern skeleton (D:9)
  3 scorpions
  5 wights (D:15)
  5 killer bees
  8 crimson imps
  4 howler monkeys
  6 jellies
  A quasit (D:9)
  2 giant frog zombies
  6 orc priests
  6 orc wizards
  5 hounds
  2 giant frog skeletons
  6 centaur skeletons
  Natasha (thrice) (D:3)
  3 iguanas
  Ijyb (D:3)
  9 worker ants
  3 sheep (D:9)
  A hound zombie (D:7)
  A hound skeleton (D:4)
  4 mummies
  A worker ant zombie (D:6)
  2 howler monkey skeletons
  15 adders
  5 shadow imps
  5 oozes
  An adder zombie (D:9)
  3 adder skeletons
  4 worms (D:2)
  2 dart slugs
  4 giant geckos
  32 orcs
  6 giant cockroaches
  5 goblins
  5 hobgoblins
  15 jackals
  32 kobolds
  2 quokkas
  A ball python (D:2)
  4 bats
  5 giant newts
  3 goblin zombies (Ossuary)
  2 hobgoblin zombies (Ossuary)
  2 kobold zombies (Ossuary)
  An orc zombie (Ossuary)
  A quokka skeleton (D:9)
  A quokka zombie (D:9)
  6 rats
371 creatures vanquished.

Notes
Turn   | Place    | Note
-------+----------+-------------------------------------------
     0 | D:1      | poirepourri the Formicid Fighter began the quest for the Orb.
     0 | D:1      | Reached XP level 1. HP: 18/18 MP: 1/1
     3 | D:1      | Found a runed door.
   218 | D:1      | Reached XP level 2. HP: 24/24 MP: 2/2
   801 | D:1      | Reached XP level 3. HP: 28/29 MP: 3/3
   843 | D:1      | Reached XP level 4. HP: 32/37 MP: 4/4
  1211 | D:2      | Reached skill level 1 in Dodging
  1317 | D:2      | Found a white marble altar of Elyvilon.
  1346 | D:2      | Reached XP level 5. HP: 27/42 MP: 5/5
  1683 | D:2      | Found a burning altar of Makhleb.
  1917 | D:2      | Became a worshipper of Makhleb the Destroyer
  2052 | D:3      | Noticed Grinder
  2099 | D:3      | Killed Grinder
  2099 | D:3      | Reached skill level 1 in Stealth
  2099 | D:3      | Reached XP level 6. HP: 27/50 MP: 6/6
  2350 | D:3      | Reached skill level 5 in Fighting
  2410 | D:3      | Noticed Ijyb
  2415 | D:3      | Noticed Natasha
  2426 | D:3      | Killed Ijyb
  2426 | D:3      | Reached XP level 7. HP: 46/56 MP: 7/7
  2444 | D:3      | Killed Natasha
  2606 | D:3      | Noticed Natasha
  2615 | D:3      | Killed Natasha
  2648 | D:3      | Noticed Natasha
  2673 | D:3      | Reached * piety under Makhleb
  2691 | D:3      | Killed Natasha
  2691 | D:3      | Reached skill level 5 in Long Blades
  3587 | D:4      | Noticed Sigmund
  3603 | D:4      | Killed Sigmund
  3603 | D:4      | Reached XP level 8. HP: 39/64 MP: 8/8
  3610 | D:4      | Found a radiant altar of Vehumet.
  4048 | D:4      | Noticed Menkaure
  4061 | D:4      | Killed Menkaure
  4216 | D:4      | Reached ** piety under Makhleb
  4270 | D:4      | Found a shimmering altar of Xom.
  4508 | D:5      | Entered Level 5 of the Dungeon
  4536 | D:5      | Found an iron altar of Okawaru.
  4536 | D:5      | Noticed poirepourri's ghost (amateur DEFE)
  4553 | D:5      | Killed poirepourri's ghost
  4978 | D:5      | Noticed a yak
  4978 | D:5      | Noticed a yak
  4978 | D:5      | Noticed a yak
  4978 | D:5      | Noticed a yak
  4978 | D:5      | Noticed a yak
  5469 | D:5      | Killed a yak
  5469 | D:5      | Reached XP level 9. HP: 52/73 MP: 9/9
  5810 | D:5      | You fall through a shaft for 3 floors!
  6534 | D:7      | Found a deep blue altar of Sif Muna.
  6695 | D:7      | Found a sand-covered staircase.
  6705 | Ossuary  | Entered an ossuary
  6725 | Ossuary  | Noticed mrath's ghost (amateur MiFi)
  6744 | Ossuary  | Killed mrath's ghost
  7029 | Ossuary  | Reached *** piety under Makhleb
  7446 | D:7      | Reached XP level 10. HP: 60/83 MP: 10/10
  7714 | D:6      | Noticed p0werm0de's ghost (novice DsFi)
  7731 | D:6      | Killed p0werm0de's ghost
  7731 | D:6      | Reached skill level 10 in Long Blades
  7914 | D:6      | Reached skill level 10 in Fighting
  7933 | D:6      | Found a shadowy altar of Dithmenos.
  8033 | D:6      | Found a staircase to the Ecumenical Temple.
  8185 | D:6      | Reached skill level 5 in Shields
  8660 | D:8      | Found a shattered altar of Ashenzari.
  8676 | D:8      | Found an ancient bone altar of Kikubaaqudgha.
  8783 | D:8      | Found a snail-covered altar of Cheibriados.
  8959 | D:8      | Found an opulent altar of Gozag.
  8959 | D:8      | Noticed Grum
  8979 | D:8      | Killed Grum
  8979 | D:8      | Reached **** piety under Makhleb
  9007 | D:8      | Found a staircase to the Lair.
  9218 | D:8      | Reached skill level 5 in Armour
  9412 | D:9      | Reached XP level 11. HP: 49/92 MP: 11/11
  9745 | D:9      | Found a white marble altar of Elyvilon.
  9944 | D:9      | Reached ***** piety under Makhleb
 10045 | D:9      | Noticed a hill giant
 10055 | D:9      | Killed a hill giant
 10938 | D:9      | Noticed Erolcha
 10948 | D:9      | Killed Erolcha
 10971 | D:10     | Entered Level 10 of the Dungeon
 11108 | D:10     | Got a dazzling hand crossbow
 11109 | D:10     | Identified the +8 hand crossbow "Suupaimn" {penet, -Tele rC+++ Dex+8} (You found it on level 10 of the Dungeon)
 11553 | D:10     | Reached skill level 1 in Crossbows
 11640 | D:10     | Noticed a hill giant
 11646 | D:10     | Killed a hill giant
 11646 | D:10     | Reached XP level 12. HP: 100/100 MP: 12/12
 11945 | D:10     | Identified a scroll of acquirement
 11948 | D:10     | You fall through a shaft for 3 floors!
 11954 | D:13     | You fall through a shaft for 2 floors!
 11954 | D:15     | Entered Level 15 of the Dungeon
 11954 | D:15     | Noticed a centaur warrior
 11960 | D:15     | Gained mutation: You are resistant to hostile enchantments. (MR+) [potion of mutation]
 11960 | D:15     | Gained mutation: You evolve. [potion of mutation]
 11960 | D:15     | Gained mutation: Your mind is acute. (Int +2) [potion of mutation]
 11966 | D:15     | Killed a centaur warrior
 12282 | D:15     | Noticed a centaur warrior
 12283 | D:15     | Noticed an unseen horror
 12288 | D:15     | Killed a centaur warrior
 12296 | D:15     | Reached skill level 5 in Dodging
 12298 | D:15     | Killed an unseen horror
 12328 | D:15     | Noticed a tengu warrior
 12334 | D:15     | Killed a tengu warrior
 12352 | D:15     | Reached skill level 5 in Crossbows
 12478 | D:15     | Noticed a vault guard
 12505 | D:15     | Killed a vault guard
 12539 | D:15     | Found a portal to a secret trove of treasure.
 12876 | D:15     | Reached XP level 13. HP: 104/106 MP: 13/13
 12877 | D:15     | Found a shattered altar of Ashenzari.
 13279 | D:15     | Noticed a centaur warrior
 13283 | D:15     | Killed a centaur warrior
 13294 | D:15     | Reached skill level 1 in Throwing
 13442 | D:15     | Found a staircase to the Depths.
 13442 | D:15     | Noticed an ogre mage
 13446 | D:15     | Reached skill level 10 in Shields
 13454 | D:15     | Killed an ogre mage
 13956 | D:14     | Reached skill level 10 in Crossbows
 14162 | D:14     | HP: 5/107 [meliai/divine providence (12)]
 14162 | D:14     | Killed from afar by a meliai

Vault maps used:
D:1:      dpeg_arrival_caged_fury, hangedman_decor_lopped, minmay_tall_x
D:2:      elyvilon_altar_3, lemuel_round_altar, first_bread
D:3:      uniq_iyjb, uniq_grinder, uniq_natasha
D:4:      kennysheep_mini_moat, vehumet_altar_wand_db, uniq_menkaure,
          uniq_sigmund
D:5:      okawaru_metal_pillars_3
D:6:      grunt_dithmenos_smoke
D:7:      kennysheep_orc_sif_temple, gup_ossuary_entry_pyramid
D:8:      nicolae_overflow_hidden_temple, nicolae_overflow_crystal_walls,
          grunt_temple_overflow_open, lair_0_dummy, uniq_grum
D:9:      minmay_imperfect_grid, basic_altar, grunt_livestock, uniq_erolcha
D:10:     nicolae_looking_at_the_future
D:13:     evilmike_diamond_1, grunt_vaults_entry_fortified, lemuel_angel_altar
D:14:     nicolae_gozag_cash_rules_everything_around_me, hangedman_aviary
D:15:     grunt_enter_depths_magical_seal, serial_glass, glass_columns_a,
          glass_columns_a, minmay_strange_pillars, due_unseen_surprise,
          feat_on_display, ashenzari_altar_1, enter_trove_5, minivault_23
Ossuary:  ossuary_kennysheep_city_of_the_dead

Skill      XL: |  1  2  3  4  5  6  7  8  9 10 11 12 13 |
---------------+----------------------------------------+-----
Shields        | 4 6 7 9 10 | 10.2
Armour         | 4 5 7 8 |  8.4
Dodging        | 1 3 4 5 6 |  6.4
Fighting       | 4 5 6 7 9 10 11 | 11.6
Long Blades    | 4 6 7 9 10 11 | 11.7
Stealth        | 1 |  1.1
Crossbows      | 3 7 10 | 10.1
Throwing       | 1 |  1.6
Invocations    | |  0.8
Evocations     | |  0.7

Action                   |  1- 3 |  4- 6 |  7- 9 | 10-12 | 13-15 || total
-------------------------+-------+-------+-------+-------+-------++-------
Melee: Long sword        |    68 |   172 |   438 |   523 |    62 ||  1263
 Fire: Hand crossbow     |       |       |       |   186 |   144 ||   330
Throw: Javelin           |       |       |       |       |    13 ||    13
Invok: Minor Destruction |       |       |     1 |       |       ||     1
 Abil: Dig               |       |       |     3 |       |       ||     3
       Shaft Self        |       |       |     1 |     2 |       ||     3
Evoke: Wand              |       |       |       |     5 |       ||     5
  Use: Potion            |     1 |     2 |     3 |    10 |     2 ||    18
       Scroll            |       |     8 |    11 |    10 |       ||    29
  Eat: Fruit             |       |     1 |       |     1 |       ||     2
       Royal jelly       |       |     1 |       |       |       ||     1
       Pizza             |       |     1 |       |       |       ||     1
       Meat ration       |       |     1 |       |     2 |       ||     3
       Bread ration      |       |       |     3 |     3 |     1 ||     7
       Beef jerky        |       |       |       |     1 |       ||     1
Armor: Scale mail        |    16 |    84 |    94 |   174 |    34 ||   402
       Skin              |       |       |     2 |       |       ||     2
Dodge: Dodged            |    21 |    48 |    92 |   239 |    75 ||   475
Block: Shield            |    36 |   109 |   186 |   393 |   101 ||   825
